 Dungeon Crawl Stone Soup version 0.31.0-4-g52a2dc7128 (webtiles) character file.

Game seed: 15113139800348140469

5 GordonOverkill the Cutter (level 1, -2/10 (12) HPs)
             Began as a Kobold Reaver on Jan 22, 2024.
             Frozen to death by an endoplasm (3 damage)
             ... on level 1 of the Dungeon.
             The game lasted 00:00:48 (182 turns).

GordonOverkill the Cutter (Kobold Reaver)            Turns: 182, Time: 00:00:49

HP:   -2/10 (12)    AC:  3    Str:  9    XL:     1   Next: 88%
MP:   1/3           EV: 14    Int: 14    God:
Gold: 22            SH:  0    Dex: 13    Spells: 3/4 levels left

rFire   . . .        a - +0 short sword
rCold   . . .        (no shield)
rNeg    . . .        b - +0 leather armour
rPois   .            (no helmet)
rElec   .            (no cloak)
rCorr   .            (no gloves)
SInv    .            (no boots)
Will    .....        (no amulet)
Stlth   ++           (no ring)
HPRegen 0.21/turn    (no ring)
MPRegen 0.08/turn

%: no passive effects
@: very slightly contaminated, heavily drained
A: small, no large weapons, nightstalker 3
a: no special abilities


You were on level 1 of the Dungeon.
You visited 1 branch of the dungeon, and saw 1 of its levels.

You collected 22 gold pieces.

Inventory:

Hand Weapons
 a - a +0 short sword (weapon)
Armour
 b - a +0 leather armour (worn)
Scrolls
 d - a scroll of fog {unknown}
Potions
 c - 2 potions of curing {unknown}


   Skills:
 - Level 2.1 Fighting
 - Level 4.0 Short Blades
 - Level 2.4 Dodging
 - Level 2.1 Spellcasting
 - Level 3.0 Conjurations
 + Level 1.3 Ice Magic


You had 3 spell levels left.
You knew the following spells:

 Your Spells              Type           Power      Damage    Failure   Level
a - Kiss of Death         Conj/Necr      20%        2d7       19%         1

Your spell library contained the following spells:

 Spells                   Type           Power      Damage    Failure   Level
 Momentum Strike          Conj/Tloc      10%        3d8       26%         2
 Hailstorm                Conj/Ice       7%         3d5       38%         3


Dungeon Overview and Level Annotations

Branches:
Dungeon (1/15)

Altars:


Innate Abilities, Weirdness & Mutations

You are small and have problems with some larger weapons.
You are completely attuned to the shadows.


Message History

The ball python constricts you.
You closely miss the ball python.
The ball python is moderately wounded.
The ball python bites you. The ball python constricts you.
You hit the ball python.
The ball python is heavily wounded.
The ball python bites you. The ball python constricts you.
The endoplasm hits you.
You closely miss the ball python.
The ball python is heavily wounded.
The ball python bites you.
* * * LOW HITPOINT WARNING * * *
The ball python constricts you.
* * * LOW HITPOINT WARNING * * *
The endoplasm closely misses you.
You hit the ball python.
You kill the ball python!
The endoplasm freezes you.
You are frozen.
* * * LOW HITPOINT WARNING * * *
Casting: Kiss of Death (safe; 19% risk of failure)
Confirm with . or Enter, or press ? or * to list all spells.
Aiming: Kiss of Death (safe; 19% risk of failure)
Press: ? - help, Shift-Dir - straight line, f - endoplasm
Aim: an endoplasm (100% to hit)
The negative energy hits the endoplasm.
The endoplasm is drained!
The endoplasm is almost dead.
You feel drained. The endoplasm hits you.
* * * LOW HITPOINT WARNING * * *
Casting: Kiss of Death (safe; 19% risk of failure)
Confirm with . or Enter, or press ? or * to list all spells.
Aiming: Kiss of Death (safe; 19% risk of failure)
Press: ? - help, Shift-Dir - straight line, f/p - endoplasm
Aim: an endoplasm (almost dead, heavily drained, 100% to hit)
You miscast Kiss of Death.
You are very lightly contaminated with residual magic.
Nothing appears to happen.
The endoplasm freezes you.
You are frozen.
You die...

#.# #.#
#.# #.
#.#
#.####.#
##...##.#
.....†..#
###J##.#
#@#...#
#.#.#...
#.# .##
#.# ...


You could see an endoplasm (very drained).

Vanquished Creatures
  A ball python (D:1)
  An endoplasm (D:1)
  2 bats (D:1)
  A frilled lizard (D:1)
5 creatures vanquished.

Notes
Turn   | Place    | Note
-------+----------+-------------------------------------------
     0 | D:1      | GordonOverkill the Kobold Reaver began the quest for the
                  | Orb.
     0 | D:1      | Reached XP level 1. HP: 12/12 MP: 3/3
   138 | D:1      | Reached skill level 1 in Ice Magic
   182 | D:1      | Frozen to death by an endoplasm

Illustrated notes

Levels and vault maps discovered:
D:1:      onia_arrival_pyramid, layout_loops_ring

Skill      XL: |  1 |
---------------+----+-----
Ice Magic      | 1 |  1.3
Fighting       | |  2.1
Short Blades   | |  4.0
Dodging        | |  2.4
Spellcasting   | |  2.1
Conjurations   | |  3.0

Action                     || total
---------------------------++-------
  Melee: Short sword       ||    20
   Cast: Kiss of Death     ||     1
   Stab: Sleeping          ||     1
 Armour: Leather armour    ||    14
  Dodge: Dodged            ||    21
